 Dungeon Crawl Stone Soup version 0.32-a0-938-g40ac7a0f4d (webtiles) character file.

Game seed: 3762681515279911272

10555 Daunt the Spear-Bearer (level 11, -3/87 HPs)
             Began as a Coglin Fighter on Apr 15, 2024.
             Was a Believer of Ru.
             Hit by a large rock thrown by a cyclops (16 damage)
             ... on level 11 of the Dungeon.
             The game lasted 00:46:43 (12422 turns).

Daunt the Spear-Bearer (Coglin Fighter)            Turns: 12422, Time: 00:46:44

Health: -3/87      AC: 16    Str: 20    XL:     11   Next: 63%
Magic:  11/11      EV:  6    Int:  9    God:    Ru [**....]
Gold:   387        SH:  0    Dex: 13    Spells: 10/10 levels left

rFire   . . .        h - +2 trident (freeze) {Hayata}
rCold   . . .        B - +0 trident {Navbir}
rNeg    . . .        z - +0 plate armour
rPois   .            j - +1 helmet
rElec   .            (no cloak)
rCorr   .            K - +0 pair of gloves
SInv    .            (no boots)
Will    .....        (amulet unavailable) Stlth
                     (ring unavailable)
HPRegen 0.34/turn    (ring unavailable)
MPRegen 0.12/turn    (no gizmo)

%: no passive effects
@: about to teleport, studying Throwing
A: no stealth, no earth magic, no alchemy magic, no translocations magic, no
forms, off-hand wielding, slow wielding, warmup strikes, no jewellery
a: Invent Gizmo, Renounce Religion


You were on level 11 of the Dungeon.
You worshipped Ru.
Ru was pleased with you.
You visited 2 branches of the dungeon, and saw 12 of its levels.

You collected 700 gold pieces.
You spent 313 gold pieces at shops.

Inventory:

Hand Weapons
 h - a +2 trident of freezing (weapon) {Hayata}
 B - a +0 trident (offhand) {Navbir}
Missiles
 l - 99 stones (quivered)
 m - 2 atropa-tipped darts
 t - 9 javelins
 x - 15 boomerangs
 E - 9 poisoned darts
Armour
 b - a +0 scale mail
 j - a +1 helmet (worn)
 z - a +0 plate armour (worn)
 F - a +3 leather armour
 K - a +0 pair of gloves (worn)
 M - a +2 leather armour of fire resistance
Wands
 s - a wand of warping (9)
 v - a wand of mindburst (7)
 I - a wand of charming (22)
Scrolls
 a - 3 scrolls of fog {unknown}
 c - a scroll of vulnerability
 g - 3 scrolls of immolation
 i - a scroll of torment {unknown}
 n - 2 scrolls of enchant weapon
 r - a scroll of silence {unknown}
 w - 2 scrolls of blinking {unknown}
 y - 6 scrolls of poison
 D - a scroll of fear {unknown}
 G - a scroll of amnesia {unknown}
 J - a scroll of revelation {unknown}
 L - 4 scrolls of teleportation
Potions
 d - 2 potions of might
 e - 2 potions of ambrosia
 f - a potion of cancellation
 k - a potion of haste
 o - a potion of attraction {unknown}
 p - 5 potions of heal wounds {unknown}
 q - a potion of resistance
 u - 2 potions of enlightenment
 A - 4 potions of curing
 C - 5 potions of mutation
 H - a potion of invisibility


   Skills:
 + Level 8.7 Fighting
 * Level 12.5 Polearms
 + Level 5.6 Armour
 + Level 4.8 Dodging
 - Level 2.1 Shields
 + Level 5.8 Evocations


You had 10 spell levels left.
You didn't know any spells.
Your spell library contained the following spells:

 Spells                   Type           Power      Damage    Failure   Level
 Freeze                   Ice            0%         1d3       100%        1
 Necrotise                Necr           0%         1d4       100%        1
 Summon Small Mammal      Summ           0%         N/A       100%        1
 Jinxbite                 Hex            0%         N/A       100%        2
 Frozen Ramparts          Ice            0%         1d1       100%        3
 Hailstorm                Conj/Ice       0%         3d5       100%        3
 Sigil of Binding         Hex            0%         N/A       100%        3
 Death Channel            Necr           0%         N/A       100%        6
 Ozocubu's Refrigeration  Ice            0%         4d7       100%        7
 Discord                  Hex            0%         N/A       100%        8
 Apportation              Tloc           Unusable   N/A       N/A         1
 Sting                    Conj/Alch      Unusable   1d3       N/A         1
 Mercury Vapours          Alch/Air       Unusable   N/A       N/A         2
 Olgreb's Toxic Radiance  Alch           Unusable   N/A       N/A         4
 Alistair's Intoxication  Alch           Unusable   N/A       N/A         5
 Sculpt Simulacrum        Ice/Alch       Unusable   N/A       N/A         6

Dungeon Overview and Level Annotations

Branches:
Dungeon (11/15)            Temple (1/1) D:4             Orc (0/2) D:9
   Lair: D:8-11

Altars:
Ashenzari
Cheibriados
Dithmenos
Elyvilon
Fedhas
Gozag
Hepliaklqana
Kikubaaqudgha
Makhleb
Nemelex Xobeh
Okawaru
Qazlal
Ru
Sif Muna
Trog
Uskayaw
Vehumet
Wu Jian
Xom
Yredelemnul
Zin
The Shining One

Shops:
D:5 *   D:7 ?   D:9 =

Annotations:
D:7 exclusion: cyclops
D:9 twoheaded


Innate Abilities, Weirdness & Mutations

You cannot be stealthy.
You cannot study or cast Earth magic.
You cannot study or cast Alchemy magic.
You cannot study or cast Translocations magic.
You cannot voluntarily change form.
You can wield a second weapon in your off-hand.
It takes a long time for you to wield or remove held weapons.
Your first few attacks do less damage.
You cannot equip rings or amulets.


Message History

The acid dragon bites you. The acid dragon claws you.
You completely miss the acid dragon with your +2 trident of freezing.
The acid dragon is heavily wounded.
You barely miss the acid dragon with your +0 trident.
The acid dragon bites you but does no damage.
The acid dragon claws you but does no damage.
You hit the acid dragon but do no damage.
The acid dragon is heavily wounded.
You hit the acid dragon with your +0 trident.
You hit the acid dragon with your +0 trident.
The acid dragon is almost dead.
You barely miss the acid dragon with your +2 trident of freezing.
The acid dragon spits acid at you. The splash of acid hits you!!
The acid corrodes you!
You are too injured to fight recklessly!
You hit the acid dragon but do no damage.
The acid dragon is almost dead.
You hit the acid dragon with your +0 trident.
You kill the acid dragon!
A wyvern comes into view.
It's broken and can't be closed.
The wyvern hisses angrily.
A cyclops comes into view.
The cyclops shouts!
The cyclops throws a large rock.
The large rock hits you!!
* * * LOW HITPOINT WARNING * * *
There is an open door here.
Okay, then.
Unknown command.
As you read the scroll of teleportation, it crumbles to dust.
You feel strangely unstable.
The wyvern bites you but does no damage.
The cyclops throws a large rock.
The large rock barely misses you.
You are no longer corroded.
The wyvern bites you but does no damage.
The wyvern bites you.
* * * LOW HITPOINT WARNING * * *
The cyclops throws a large rock.
The large rock hits you!
You die...
Ru respects your ultimate sacrifice.

#########################
#...^..#...#.............
#......#@.)#.............
#......#k..#.............
#......#...#.............
#####'##.#'#.########...#
#....#..........#...#
#....#C.........#...#
#†.†.#C........>#...#
##†###..........#...# .).
#...##+#########


You could see a cyclops and a wyvern.

Vanquished Creatures
  A two-headed ogre (D:10)
  A deep elf pyromancer (D:7)
  Joseph (D:8)
  An unseen horror (D:6)
  Maggie (D:7)
  A komodo dragon (D:10)
  A troll (D:11)
  2 hornets
  Prince Ribbit (D:8)
  2 shadows
  2 wyverns
  9 yaks
  A wraith (D:7)
  3 steam dragons
  A vampire mosquito (D:7)
  An acid dragon (D:11)
  2 water moccasins
  2 black bears (D:7)
  3 ice beasts
  3 sky beasts
  8 orc warriors
  2 centaurs
  8 bullfrogs
  6 scorpions
  5 wights
  12 killer bees
  A howler monkey (D:7)
  3 bombardier beetles
  2 jellies
  3 hounds
  A gnoll bouda (D:7)
  9 orc priests
  A sleepcap (D:8)
  Terence (D:3)
  7 iguanas
  15 orc wizards
  9 gnolls
  7 adders
  A shadow imp (D:5)
  A white imp (D:5)
  4 ufetubi
  4 dart slugs
  45 orcs
  5 endoplasms
  6 goblins
  9 hobgoblins
  6 jackals
  10 kobolds
  3 quokkas
  3 ball pythons
  4 bats
  2 frilled lizards
  7 rats
249 creatures vanquished.

Vanquished Creatures (others)
  An orc priest (D:6)
1 creature vanquished.

Grand Total: 250 creatures vanquished

Notes
Turn   | Place    | Note
-------+----------+-------------------------------------------
     0 | D:1      | Daunt the Coglin Fighter began the quest for the Orb.
     0 | D:1      | Reached XP level 1. HP: 18/18 MP: 1/1
    32 | D:1      | Reached skill level 2 in Polearms
   179 | D:1      | Reached XP level 2. HP: 21/24 MP: 2/2
   421 | D:1      | Reached skill level 3 in Polearms
   518 | D:1      | Reached XP level 3. HP: 29/29 MP: 3/3
   863 | D:2      | Reached XP level 4. HP: 35/35 MP: 4/4
  1373 | D:3      | Reached skill level 4 in Polearms
  1540 | D:3      | Found a bloodstained altar of Trog.
  1721 | D:3      | Reached XP level 5. HP: 41/41 MP: 5/5
  1882 | D:3      | Noticed Terence
  1892 | D:3      | Killed Terence
  2011 | D:3      | Reached skill level 5 in Polearms
  2566 | D:4      | Found a stormy altar of Qazlal.
  2566 | D:4      | Noticed a sky beast
  2771 | D:4      | Found a staircase to the Ecumenical Temple.
  2807 | Temple   | Entered the Ecumenical Temple
  2880 | Temple   | Became a worshipper of Ru the Awakened
  3335 | D:5      | Entered Level 5 of the Dungeon
  3346 | D:5      | Reached XP level 6. HP: 36/47 MP: 6/6
  3539 | D:5      | Reached skill level 6 in Polearms
  3804 | D:4      | Killed a sky beast
  3805 | D:4      | Reached XP level 7. HP: 52/52 MP: 7/7
  3888 | D:5      | Identified the +6 short sword of the Leaping Soothsayer
                  | {flame, Str+5 Dex+3}
  3919 | D:5      | Reached skill level 7 in Polearms
  4047 | D:5      | Found Xuly's Assorted Antiques.
  4056 | D:5      | Bought a scroll labelled OLIUFOR XEFEXKYQ for 28 gold
                  | pieces
  4056 | D:5      | Bought a metallic grey potion for 25 gold pieces
  4056 | D:5      | Bought a scroll labelled FYSHUS XAITUA for 28 gold pieces
  4056 | D:5      | Bought 2 ruby potions for 50 gold pieces
  4219 | D:5      | Gained mutation: You cannot study or cast Earth magic. [Ru
                  | sacrifice]
  4219 | D:5      | Gained mutation: You cannot study or cast Alchemy magic.
                  | [Ru sacrifice]
  4219 | D:5      | Gained mutation: You cannot study or cast Translocations
                  | magic. [Ru sacrifice]
  4219 | D:5      | Reached * piety under Ru
  4670 | D:6      | Reached skill level 8 in Polearms
  4750 | D:6      | Found a glowing golden altar of the Shining One.
  4786 | D:6      | Reached XP level 8. HP: 42/58 MP: 8/8
  5147 | D:6      | Reached skill level 9 in Polearms
  5243 | D:6      | You fall into a shaft and drop 3 floors!
  5277 | D:9      | Noticed a yak
  5277 | D:9      | Noticed a yak
  5277 | D:9      | Noticed a yak
  5277 | D:9      | Noticed a yak
  5309 | D:8      | Noticed Prince Ribbit
  5738 | D:7      | Reached skill level 10 in Polearms
  5738 | D:7      | Reached skill level 1 in Evocations
  5758 | D:7      | Noticed a yak
  5758 | D:7      | Noticed a yak
  5759 | D:7      | Noticed a yak
  5792 | D:8      | Noticed Joseph
  5804 | D:8      | Killed Joseph
  5805 | D:8      | Reached XP level 9. HP: 32/65 MP: 9/9
  6001 | D:8      | Found a flagged portal.
  6170 | D:7      | Reached skill level 5 in Fighting
  6170 | D:7      | Reached skill level 5 in Evocations
  6282 | D:7      | Found a blossoming altar of Fedhas.
  6306 | D:7      | Noticed a hornet
  6312 | D:7      | Killed a hornet
  6531 | D:7      | Reached skill level 11 in Polearms
  6554 | D:7      | Noticed Maggie
  6579 | D:7      | Killed Maggie
  6580 | D:7      | Reached XP level 10. HP: 43/77 MP: 10/10
  6767 | D:7      | Found an iron altar of Okawaru.
  6902 | D:6      | Killed an unseen horror
  6903 | D:6      | Reached skill level 1 in Dodging
  7354 | D:7      | Noticed a deep elf pyromancer
  7360 | D:6      | Gained mutation: You cannot be stealthy. [Ru sacrifice]
  7455 | D:7      | Killed a deep elf pyromancer
  7788 | D:7      | Found Giguam's Magic Scroll Shop.
  7847 | D:7      | Bought a scroll of immolation for 52 gold pieces
  7847 | D:7      | Bought a scroll of identify for 26 gold pieces
  7847 | D:7      | Bought a scroll of identify for 26 gold pieces
  8102 | D:7      | Noticed a boulder beetle
  8105 | D:7      | Noticed a cyclops
  8897 | D:8      | Killed Prince Ribbit
  8947 | D:8      | Found a shimmering blue altar of Sif Muna.
  9068 | D:8      | Found a snail-covered altar of Cheibriados.
  9127 | D:9      | Reached XP level 11. HP: 70/86 MP: 11/11
  9316 | D:9      | Found a staircase to the Orcish Mines.
  9552 | D:9      | Noticed a two-headed ogre
  9599 | D:9      | Reached skill level 12 in Polearms
  9605 | D:9      | Reached skill level 5 in Armour
 10147 | D:9      | Found Cirypn's Jewellery Boutique.
 10167 | D:9      | Noticed a two-headed ogre
 10471 | D:10     | Entered Level 10 of the Dungeon
 10516 | D:10     | Noticed a two-headed ogre
 10688 | D:7      | Bought a scroll of teleportation for 39 gold pieces
 10688 | D:7      | Bought a scroll of teleportation for 39 gold pieces
 11262 | D:10     | Noticed a two-headed ogre
 11663 | D:10     | Killed a two-headed ogre
 11687 | D:10     | Gained mutation: You cannot voluntarily change form. [Ru
                  | sacrifice]
 11687 | D:10     | Reached ** piety under Ru
 12417 | D:11     | Noticed a cyclops
 12422 | D:11     | Hit by a large rock thrown by a cyclops

Illustrated notes

Levels and vault maps discovered:
D:1:      ebering_trefoil_twist, layout_loops_cross
D:2:      layout_basic
D:3:      layout_basic, nicolae_overflow_crystal_walls, serial_forest,
          infiniplex_forest_lined_ring, infiniplex_forest_diagonal,
          infiniplex_forest_zigzag_2, infiniplex_forest_end_2,
          infiniplex_forest_corner_1, infiniplex_forest_split,
          infiniplex_forest_join, uniq_terence
D:4:      layout_basic, nicolae_qazlal_beasts_of_the_sky,
          minmay_temple_entry_glass
D:5:      layout_loops_ring, serial_shops, shop
D:6:      layout_loops_ring, nicolae_tso_carved_into_rock,
          minmay_stone_trees_large, minmay_manual_moon
D:7:      nzn_winding_woodlands_stair_cross [nzn_winding_woodlands_5x15_twine,
          nzn_winding_woodlands_center_diamonds,
          nzn_winding_woodlands_5x15_zeroes,
          nzn_winding_woodlands_5x5_closed_star,
          nzn_winding_woodlands_5x5_cross, nzn_winding_woodlands_5x15_sawtooth,
          nzn_winding_woodlands_center_lodge,
          nzn_winding_woodlands_5x15_jagged], layout_loops_cross,
          mainiacjoe_overflow_boulevard, serial_shops, nicolae_shop_waterfront,
          minmay_ruined_shrine, uniq_maggie
D:8:      layout_loops_ring, led_sif_book, kennysheep_mini, enter_bailey_4,
          uniq_grum, uniq_prince_ribbit1, uniq_joseph
D:9:      nicolae_cairo_tiling, layout_basic, serial_shops, shop,
          grunt_ministairs_8, fungi_pond_lemuel
D:10:     layout_loops_corners
D:11:     bobbens_index_wilting_gardens, layout_grid_maze, david_lair_generic
Temple:   minmay_temple_bridge_d

Skill      XL: |  1  2  3  4  5  6  7  8  9 10 11 |
---------------+----------------------------------+-----
Polearms       | 2 3 4 5 6 8 10 11 12 | 12.5
Evocations     | 3 5 |  5.8
Fighting       | 6 7 8 |  8.7
Armour         | 4 5 |  5.6
Dodging        | 3 4 |  4.8
Shields        | |  2.1

Action                     |  1- 3 |  4- 6 |  7- 9 | 10-12 || total
---------------------------+-------+-------+-------+-------++-------
  Melee: Trident           |    85 |   172 |   394 |   553 ||  1204
         Dagger            |    48 |   115 |       |       ||   163
 Invoke: Sacrifice Arcana  |       |       |     1 |       ||     1
         Sacrifice Stealth |       |       |       |     1 ||     1
         Sacrifice Forms   |       |       |       |     1 ||     1
  Evoke: Wand              |       |       |     7 |     2 ||     9
    Use: Scroll            |       |     1 |     9 |     7 ||    17
         Potion            |       |       |     2 |       ||     2
 Armour: Scale mail        |    42 |    35 |       |       ||    77
         Plate armour      |       |   107 |   119 |   179 ||   405
  Dodge: Dodged            |    30 |    58 |    20 |    32 ||   140
  Block: Buckler           |     5 |       |       |       ||     5

Table legend: (Time is in decaauts)
 A = Elapsed time spent in this place.
 B = Non-inter-level travel time spent in this place.
 C = Inter-level travel time spent in this place.
 D = Time resting spent in this place.
 E = Time spent auto-exploring this place.
 F = Levels seen in this place.
 G = Mean time per level.
                   A        B        C        D        E       F      G
               +--------+--------+--------+--------+--------+-----+--------+
         Total |  12323 |  11192 |   1131 |   1035 |   7202 |  12 | 1026.9 |
       Dungeon |  12177 |  11190 |    987 |   1035 |   7202 |  11 | 1107.0 |
        Temple |    146 |      2 |    144 |      0 |      0 |   1 |  146.0 |
               +--------+--------+--------+--------+--------+-----+--------+

Top non-repeatable levels by time:
     D:7: 2132 daAuts
     D:9: 1510 daAuts
     D:8: 1395 daAuts
     D:6: 1288 daAuts
     D:5: 1189 daAuts
     D:3: 1174 daAuts
    D:10: 1160 daAuts
     D:4: 747 daAuts
     D:1: 724 daAuts
     D:2: 657 daAuts
    D:11: 196 daAuts
  Temple: 146 daAuts
